 Dungeon Crawl Stone Soup version 0.24.0-1-gfbc8707122 (webtiles) character file.

Game seed: 16896781170427635895, levelgen mode: deterministic

161 Aviak the Insei (level 5, -1/35 HPs)
             Began as an Octopode Transmuter on Oct 27, 2019.
             Slain by an adder skeleton (4 damage)
             ... on level 5 of the Dungeon.
             The game lasted 00:03:25 (2601 turns).

Aviak the Insei (Octopode Transmuter)               Turns: 2601, Time: 00:03:26

Health: -1/35      AC:  1    Str: 10    XL:     5   Next: 42%
Magic:  9/9        EV: 16    Int: 15    God:
Gold:   74         SH:  0    Dex: 13    Spells: 4/10 levels left

rFire    . . .     SeeInvis .     - Unarmed
rCold    . . .     Gourm    .   (no shield)
rNeg     . . .     Faith    .   (helmet restricted)
rPois    .         Spirit   .   (no amulet)
rElec    .         Reflect  .   (no ring)
rCorr    .         Harm     .   E - +3 ring of evasion
MR       .....                  k - ring of stealth
Stlth    +++.......             (no ring)
HPRegen  0.11/turn              (no ring)
MPRegen  0.11/turn              (no ring)
                                (no ring)
                                (no ring)

@: appendage (expiring)
A: almost no armour, stealthy swim, amphibious, 8 rings, constrict 8, tentacle
spike 3, camouflage 1, gelatinous body 1
a: End Transformation


You were on level 5 of the Dungeon.
You were not hungry.
One of your tentacles had a temporary spike.
You visited 1 branch of the dungeon, and saw 4 of its levels.

You collected 74 gold pieces.

Inventory:

Missiles
 a - 30 arrows
Jewellery
 i - an uncursed amulet of regeneration {unknown}
 k - a ring of stealth (on tentacle)
 n - an uncursed ring of fire
 E - a +3 ring of evasion (right tentacle)
Scrolls
 b - 2 scrolls of enchant armour
 r - 2 scrolls of remove curse
Potions
 d - a potion of haste {unknown}
 e - 2 potions of lignification {unknown}
Comestibles
 c - 4 rations


   Skills:
 + Level 2.5 Fighting
 - Level 2.0 Dodging
 + Level 3.8 Unarmed Combat
 - Level 3.0 Spellcasting
 + Level 3.2 Transmutations
 + Level 0.9 Poison Magic


You had 4 spell levels left.
You knew the following spells:

 Your Spells              Type           Power        Failure   Level  Hunger
a - Beastly Appendage     Tmut           ##....       5%          1    #......
b - Sticks to Snakes      Tmut           ##......     9%          2    ##.....
c - Spider Form           Tmut/Pois      #.........   26%         3    ###....

Your spell library contained the following spells:

 Spells                   Type           Power        Failure   Level  Hunger
 Ice Form                 Ice/Tmut       #.......     71%         4    #####..
 Blade Hands              Tmut           ##........   83%         5    ######.


Dungeon Overview and Level Annotations

Branches:
Dungeon (3/15)

Altars:
Ru

Annotations:
D:5 Menkaure


Innate Abilities, Weirdness & Mutations

You cannot wear most types of armour.
You are very stealthy in the water. (Stealth+)
You are amphibious.
You can wear up to eight rings at the same time.
You can use your tentacles to constrict eight enemies at once.
Your skin changes colour to match your surroundings (Stealth+).
Your rubbery body absorbs attacks. (AC +1, EV +1)
One of your tentacles bears a large vicious spike.


Message History

The killer bee zombie is severely damaged.
Your transformation is almost over.
You constrict the crimson imp. You constrict the killer bee zombie.
The killer bee zombie hits you. The crimson imp misses you.
The killer bee zombie barely misses you.
You closely miss the killer bee zombie.
The killer bee zombie is severely damaged.
You constrict the crimson imp. You constrict the killer bee zombie.
The adder skeleton closely misses you.
The killer bee zombie closely misses you.
The crimson imp hits you.
Unknown command.
You release your grip on the crimson imp.
You release your grip on the killer bee zombie.
The killer bee zombie misses you. The killer bee zombie hits you!
* * * LOW HITPOINT WARNING * * *
You tentacle-slap the killer bee zombie.
You destroy the killer bee zombie!
The adder skeleton barely misses you. The adder skeleton bites you.
You die...

###............
#..........?...
#..............
#..............
#..............
#..............
#..............
#[...5@.......o
#....Z#####..##
#######.....#####
#.....#...........
..................
..................
..................
..................
..................


You could see a crimson imp and an adder skeleton.

Vanquished Creatures
  Crazy Yiuf (D:2)
  An orc wizard (D:2)
  A killer bee zombie (D:5)
  3 adders (D:2)
  A worm (D:2)
  3 dart slugs
  3 leopard geckos
  9 bats
  2 giant cockroaches
  3 hobgoblins
  8 jackals
  4 kobolds (D:2)
  A quokka (D:2)
  2 frilled lizards
  3 goblins
  A rat (D:2)
46 creatures vanquished.

Notes
Turn   | Place    | Note
-------+----------+-------------------------------------------
     0 | D:1      | Aviak the Octopode Transmuter began the quest for the Orb.
     0 | D:1      | Reached XP level 1. HP: 13/13 MP: 3/3
    25 | D:1      | Reached XP level 2. HP: 8/18 MP: 3/5
    41 | D:1      | Learned a level 2 spell: Sticks to Snakes
  1097 | D:2      | Reached XP level 3. HP: 23/23 MP: 6/6
  1613 | D:2      | Reached XP level 4. HP: 25/29 MP: 3/7
  1988 | D:2      | Found a runed translucent door.
  1989 | D:2      | Noticed Crazy Yiuf
  2048 | D:2      | Found a sacrificial altar of Ru.
  2346 | D:2      | Learned a level 3 spell: Spider Form
  2357 | D:2      | Killed Crazy Yiuf
  2357 | D:2      | Reached XP level 5. HP: 16/35 MP: 9/9
  2582 | D:3      | You fall into a shaft and drop 2 floors!
  2582 | D:5      | Entered Level 5 of the Dungeon
  2583 | D:5      | Noticed Menkaure
  2601 | D:5      | Slain by an adder skeleton

Levels and vault maps discovered:
D:1:      mushboom_english_gardens, layout_basic, minmay_misc_feat_chi,
          corner_web_ring, serial_bayou_ford_a, minmay_misc_feat_square,
          corexii_leaking_fountain
D:2:      layout_loops_ring, nicolae_ru_great_annihilating_truth,
          minmay_tiny_reverse_x, uniq_crazy_yiuf_cottage
D:3:      layout_loops_ring, first_ration, kennysheep_slug_shrine, uniq_natasha
D:5:      layout_rooms, lemuel_doored_altar, grunt_temple_overflow_cloverleaf,
          uniq_menkaure, uniq_eustachio

Skill      XL: |  1  2  3  4 |
---------------+-------------+-----
Fighting       | 2 |  2.5
Transmutations | 3 |  3.2
Spellcasting   | 3 |  3.0
Dodging        | |  2.0
Unarmed Combat | |  3.8
Poison Magic   | |  0.9

Action                   |  1- 3 |  4- 6 || total
-------------------------+-------+-------++-------
Melee: Unarmed           |    76 |    51 ||   127
       Constrict         |    26 |     9 ||    35
       Kick              |     7 |     7 ||    14
       Tentacles         |     7 |     4 ||    11
       Punch             |     1 |       ||     1
 Cast: Beastly Appendage |     6 |     5 ||    11
       Sticks to Snakes  |     1 |       ||     1
  Use: Scroll            |       |     5 ||     5
       Potion            |       |     1 ||     1
 Stab: Sleeping          |    10 |     2 ||    12
  Eat: Chunk             |     2 |     3 ||     5
Armor: Skin              |     8 |     6 ||    14
Dodge: Dodged            |    44 |    53 ||    97
